 Seeded DCSS version 0.30-a0-613-gdd512c7efb (webtiles) character file.

Game seed: 12074725312660528413 (custom seed)

130 purpskrrrp the Shooter (level 4, -4/27 HPs)
             Began as a Deep Elf Hunter on Jan 8, 2023.
             Killed from afar by Sigmund (8 damage)
             ... with a magic dart
             ... on level 3 of the Dungeon.
             The game lasted 00:02:11 (1087 turns).

purpskrrrp the Shooter (Deep Elf Hunter)            Turns: 1087, Time: 00:02:11

Health: -4/27      AC:  3    Str: 10    XL:     4   Next: 90%
Magic:  6/6        EV: 14    Int: 14    God:
Gold:   145        SH:  0    Dex: 24    Spells: 3/3 levels left

rFire   . . .      SeeInvis .    a - +0 shortbow
rCold   . . .      Faith    +    (shield currently unavailable)
rNeg    . . .      Spirit   .    c - +0 leather armour
rPois   .          Reflect  .    (no helmet)
rElec   .          Harm     .    (no cloak)
rCorr   .          Rampage  .    (no gloves)
Will    .....                    (no boots)
Stlth   +++                      d - amulet of faith
HPRegen 0.24/turn                g - +6 ring of dexterity
MPRegen 0.10/turn                (no ring)

@: no status effects
A: no striking features
a: no special abilities


You were on level 3 of the Dungeon.
You visited 1 branch of the dungeon, and saw 3 of its levels.

You collected 145 gold pieces.

Inventory:

Hand Weapons
 a - a +0 shortbow (weapon)
Armour
 c - a +0 leather armour (worn)
Jewellery
 d - an amulet of faith (around neck)
 g - a +6 ring of dexterity (left hand)
Scrolls
 b - 2 scrolls of immolation
Potions
 e - a potion of lignification
 f - a potion of heal wounds
 h - a potion of attraction {unknown}
 i - a potion of haste {unknown}


   Skills:
 + Level 2.4 Fighting
 + Level 6.1 Ranged Weapons
 + Level 3.7 Dodging
 + Level 3.2 Stealth


You had 3 spell levels left.
You didn't know any spells.
Your spell library was empty.

Dungeon Overview and Level Annotations

Branches:
Dungeon (3/15)

Altars:

Annotations:
D:3 Sigmund


Message History

Press: ? - help, Shift-Dir - straight line, f/p - Sigmund
Aim: Sigmund, wielding a +0 scythe and wearing a +0 robe (severely wounded, 65% to hit)
You shoot an arrow. The arrow hits Sigmund.
Sigmund is almost dead.
Fire: a) +0 shortbow
Press: ? - help, Shift-Dir - straight line, f/p - Sigmund
Aim: Sigmund, wielding a +0 scythe and wearing a +0 robe (almost dead, 65% to hit)
You shoot an arrow. The arrow closely misses Sigmund.
Sigmund closely misses you.
Fire: a) +0 shortbow
Press: ? - help, Shift-Dir - straight line, f/p - Sigmund
Aim: Sigmund, wielding a +0 scythe and wearing a +0 robe (almost dead, 65% to hit)
You shoot an arrow. The arrow barely misses Sigmund.
Sigmund completely misses you.
Fire: a) +0 shortbow
Press: ? - help, Shift-Dir - straight line, f/p - Sigmund
Aim: Sigmund, wielding a +0 scythe and wearing a +0 robe (almost dead, 65% to hit)
You shoot an arrow. The arrow barely misses Sigmund.
Sigmund laughs darkly.
Sigmund hits you from afar with a +0 scythe.
Fire: a) +0 shortbow
Press: ? - help, Shift-Dir - straight line, f/p - Sigmund
Aim: Sigmund, wielding a +0 scythe and wearing a +0 robe (severely wounded, 65% to hit)
You shoot an arrow. The arrow hits Sigmund.
Sigmund is almost dead.
Sigmund hits you from afar with a +0 scythe!
* * * LOW HITPOINT WARNING * * *
Fire: a) +0 shortbow
Press: ? - help, Shift-Dir - straight line, f/p - Sigmund
Aim: Sigmund, wielding a +0 scythe and wearing a +0 robe (almost dead, 65% to hit)
You shoot an arrow. The arrow closely misses Sigmund.
Fire: a) +0 shortbow
Press: ? - help, Shift-Dir - straight line, f/p - Sigmund
Aim: Sigmund, wielding a +0 scythe and wearing a +0 robe (almost dead, 65% to hit)
You shoot an arrow.
The arrow hits Sigmund but does no damage.
Sigmund is almost dead.
Sigmund gestures at you while chanting. The magic dart hits you!
You die...

..................
..................
..#......#.......
.†.###......######
#......#####
######.# #.#
########.#
#.@......# #####
#.######## ##(..#
#@ ##.###. >. #.##
## ### #.# # #.##
## ##.###. ##....
##.##


You could see Sigmund.

Vanquished Creatures
  5 adders
  3 gnolls (D:2)
  2 worms (D:2)
  2 dart slugs
  2 bats (D:2)
  6 endoplasms
  2 giant cockroaches
  4 goblins
  6 hobgoblins
  A quokka (D:2)
  5 ball pythons
  3 frilled lizards
  3 kobolds
  5 rats
49 creatures vanquished.

Notes
Turn   | Place    | Note
-------+----------+-------------------------------------------
     0 | D:1      | purpskrrrp the Deep Elf Hunter began the quest for the Orb.
     0 | D:1      | Reached XP level 1. HP: 12/12 MP: 3/3
    82 | D:1      | Reached XP level 2. HP: 17/17 MP: 4/4
   456 | D:2      | Reached XP level 3. HP: 21/21 MP: 5/5
   516 | D:2      | Reached XP level 4. HP: 26/26 MP: 6/6
   581 | D:2      | Reached skill level 6 in Ranged Weapons
   981 | D:3      | Identified the +0 robe of Honour {rElec}
  1073 | D:3      | Noticed Sigmund
  1087 | D:3      | Killed from afar by Sigmund

Illustrated notes

Levels and vault maps discovered:
D:1:      amcnicky_arrival_blooded_trapdoor, layout_rooms
D:2:      layout_rooms
D:3:      layout_loops_cross, uniq_sigmund

Skill      XL: |  1  2  3  4 |
---------------+-------------+-----
Stealth        | 2 3 |  3.2
Fighting       | 2 |  2.4
Dodging        | 3 |  3.7
Ranged Weapons | 6 |  6.1

Action                   |  1- 3 |  4- 6 || total
-------------------------+-------+-------++-------
 Fire: Shortbow          |    60 |    79 ||   139
  Use: Scroll            |     2 |     2 ||     4
Armor: Leather armour    |     1 |     1 ||     2
Dodge: Dodged            |     9 |    15 ||    24

Table legend: (Time is in decaauts)
 A = Elapsed time spent in this place.
 B = Non-inter-level travel time spent in this place.
 C = Inter-level travel time spent in this place.
 D = Time resting spent in this place.
 E = Time spent auto-exploring this place.
 F = Levels seen in this place.
 G = Mean time per level.
                   A        B        C        D        E       F      G
               +--------+--------+--------+--------+--------+-----+--------+
         Total |   1121 |   1104 |     17 |      0 |    842 |   3 |  373.7 |
       Dungeon |   1121 |   1104 |     17 |      0 |    842 |   3 |  373.7 |
               +--------+--------+--------+--------+--------+-----+--------+

Top non-repeatable levels by time:
     D:2: 465 daAuts
     D:1: 422 daAuts
     D:3: 233 daAuts
